 Dungeon Crawl Stone Soup version 0.23.2-1-ga50397a (webtiles) character file.

Game seed: 11880311347565773155

20318 MalarOregon the Dealer of Despair (level 12, -8/89 HPs)
             Began as a Ghoul Necromancer on May 26, 2019.
             Was an Elder of Kikubaaqudgha.
             Mangled by a minotaur
             ... wielding the cursed +0 great sword of Starshine {flame, rPois rC+ MR+}
              (10 damage)
             ... in a Gauntlet.
             The game lasted 00:54:46 (20886 turns).

MalarOregon the Dealer of Despair (GhNe)           Turns: 20886, Time: 00:54:46

Health: -8/89      AC: 10    Str: 17      XL:     12   Next: 78%
Magic:  8/26       EV: 13    Int: 13 (17) God:    Kikubaaqudgha [****..]
Gold:   208        SH:  0    Dex:  9      Spells: 4/33 levels left

rFire    . . .     SeeInvis .   y - +3 great sword (freeze)
rCold    + . .     Gourm    .   (shield currently unavailable)
rNeg     + + +     Faith    .   p - +3 steam dragon scales
rPois    ∞         Spirit   .   b - +0 helmet
rElec    .         Reflect  .   (no cloak)
rCorr    .         Harm     .   (no gloves)
MR       .....     NoTele   +   h - +0 pair of boots
Stlth    +++.......             (no amulet)
HPRegen  0.00/turn              B - ring "Ymmyab" {+Inv rPois rN+ Str+4 Int+3}
MPRegen  0.20/turn              n - ring of stealth

@: very slightly contaminated, rotting
A: rotting body, claws 1, carnivore, cold resistance 1, negative energy
resistance 3, inhibited regeneration, torment resistance, unbreathing
a: Receive Corpses, Renounce Religion, Evoke Invisibility


You were in a Gauntlet.
You worshipped Kikubaaqudgha.
Kikubaaqudgha was greatly pleased with you.
You were hungry.

You visited 3 branches of the dungeon, and saw 14 of its levels.
You also visited: Gauntlet.

You collected 883 gold pieces.
You spent 675 gold pieces at shops.

Inventory:

Hand Weapons
 x - a +3 hunting sling of flaming
   (You found it on level 8 of the Dungeon)
 y - a +3 great sword of freezing (weapon)
   (You took it off a wight on level 7 of the Dungeon)
Missiles
 c - 2 throwing nets (quivered) {!f}
Armour
 b - a +0 helmet (worn)
   (You found it on level 1 of the Dungeon)
 f - a +0 large shield
   (You found it on level 4 of the Dungeon)
 h - a +0 pair of boots (worn)
   (You found it on level 7 of the Dungeon)
 p - +3 steam dragon scales (worn)
   (You found it on level 3 of the Dungeon)
Magical Staves
 D - an uncursed staff of fire
   (You found it on level 10 of the Dungeon)
 G - an uncursed staff of wizardry {!a}
   (You found it on level 2 of the Lair of Beasts)
Jewellery
 n - a ring of stealth (right claw)
   (You found it on level 3 of the Dungeon)
 o - an uncursed ring of protection from cold
   (You found it on level 2 of the Dungeon)
 B - the ring "Ymmyab" (left claw) {+Inv rPois rN+ Str+4 Int+3}
   (You found it on level 10 of the Dungeon)

   [ring of positive energy]

   It affects your strength (+4).
   It affects your intelligence (+3).
   It protects you from poison.
   It protects you from negative energy.
   It lets you turn invisible.
 K - a +4 ring of evasion
   (You found it in a Gauntlet)
 L - an uncursed ring of magical power
   (You found it in a Gauntlet)
Wands
 d - a wand of iceblast (3)
   (You found it on level 7 of the Dungeon)
 s - a wand of enslavement (9)
   (You bought it in a shop on level 7 of the Dungeon)
 t - a wand of flame (5)
   (You found it on level 5 of the Dungeon)
 u - a wand of paralysis (11)
   (You found it on level 2 of the Lair of Beasts)
 v - a wand of digging (10)
   (You found it on level 3 of the Dungeon)
 C - a wand of scattershot (6)
   (You found it on level 10 of the Dungeon)
 E - a wand of polymorph (6)
   (You bought it in a shop on level 10 of the Dungeon)
Scrolls
 g - 3 scrolls of remove curse {@r2}
 j - 4 scrolls of teleportation {@r4}
 m - 2 scrolls of fear
 q - a scroll of blinking
 r - 6 scrolls of enchant weapon
 w - 4 scrolls of identify {@r1}
 M - 2 scrolls of enchant armour
Potions
 a - 2 potions of resistance
 i - a potion of heal wounds {@q2}
 k - 3 potions of brilliance
 l - 2 potions of haste {@q3}
 z - 7 potions of curing {@q1}
 A - 2 potions of flight
 H - a potion of agility
 I - 4 potions of cancellation
Miscellaneous
 F - a phantom mirror
 J - a fan of gales
   (You found it on level 2 of the Lair of Beasts)
Comestibles
 e - 22 rations {!d}


   Skills:
 + Level 3.1 Fighting
 + Level 2.4 Armour
 + Level 3.1 Dodging
 - Level 2.1 Stealth
 - Level 11.0 Spellcasting
 * Level 3.2 Conjurations
 * Level 3.4 Charms
 - Level 13.0 Necromancy
 * Level 3.4 Translocations
 * Level 3.1 Air Magic
 * Level 3.9 Poison Magic


You had 4 spell levels left.
You knew the following spells:

 Your Spells              Type           Power        Failure   Level  Hunger
a - Pain                  Necr           ####         1%          1    None
b - Bolt of Draining      Conj/Necr      ####......   10%         5    #####..
c - Agony                 Necr           #####...     1%          5    #####..
d - Dispel Undead         Necr           #####...     1%          5    #####..
e - Blink                 Tloc           N/A          3%          2    None
f - Excruciating Wounds   Chrm/Necr      ####......   10%         5    #####..
g - Mephitic Cloud        Conj/Pois/Air  ###.....     8%          3    #......
q - Vampiric Draining     Necr           #####.....   1%          3    #......

Your spell library contained the following spells:

 Spells                   Type           Power        Failure   Level  Hunger
 Animate Skeleton         Necr           N/A          1%          1    None
 Corpse Rot               Necr           N/A          1%          2    None
 Regeneration             Chrm/Necr      ####......   1%          3    #......
 Animate Dead             Necr           N/A          1%          4    ###....
 Magic Dart               Conj           ###.         2%          1    None
 Call Imp                 Summ           #.......     16%         2    None
 Slow                     Hex            #.......     16%         2    None
 Conjure Flame            Conj/Fire      ##......     16%         3    #......


Dungeon Overview and Level Annotations

Branches:
Dungeon (10/15)            Temple (1/1) D:6            Lair (3/6) D:8
  Swamp (0/4) Lair:3          Orc (0/2) D:10
  Snake: Lair:2-4    Spider: Lair:2-4

Altars:
Ashenzari
Cheibriados
Dithmenos
Elyvilon
Fedhas
Gozag
Hepliaklqana
Kikubaaqudgha
Makhleb
Nemelex Xobeh
Okawaru
Qazlal
Ru
Sif Muna
Trog
Uskayaw
Vehumet
Wu Jian
Xom
Yredelemnul
Zin
The Shining One

Shops:
D:7 }   D:8 !   D:10 *

Annotations:
Gauntlet 6 transporters, 2 runed translucent doors


Innate Abilities, Weirdness & Mutations

Your body is rotting away.
You thrive on raw meat.
You are immune to poison.
You have sharp fingernails.
You are carnivorous and can eat meat at any time.
Your flesh is cold resistant. (rC+)
You are immune to negative energy. (rN+++)
You do not regenerate when monsters are visible.
You are immune to unholy pain and torment.
You can survive without breathing.


Message History

The javelin of penetration pierces through you!!
You can't see any susceptible monsters within range! (Use Z to cast anyway.)
You can't see any susceptible monsters within range! (Use Z to cast anyway.)
The minotaur throws a javelin of penetration.
The javelin of penetration pierces through you!!
Found a wand of flame (16).
Found a gate leading back out of this place.
There is an open door here.
You can't see any susceptible monsters within range! (Use Z to cast anyway.)
You can't see any susceptible monsters within range! (Use Z to cast anyway.)
You can't see any susceptible monsters within range! (Use Z to cast anyway.)
You can't see any susceptible monsters within range! (Use Z to cast anyway.)
You can't see any susceptible monsters within range! (Use Z to cast anyway.)
Here: a minotaur, wielding the +0 great sword of Starshine {flame, rPois rC+ MR+} and wearing a +0 plate armour The floor.
Unknown command.
Okay, then.
The minotaur throws a javelin of penetration.
The javelin of penetration pierces through you.
* * * LOW HITPOINT WARNING * * *
You see here 2 javelins of penetration.
You close the door.
Okay, then.
You start resting.
A minotaur opens the door.
It is wielding the +0 great sword of Starshine {flame, rPois rC+ MR+}.
Unknown command.
Aim: a minotaur, wielding the +0 great sword of Starshine {flame, rPois rC+ MR+} and wearing a +0 plate armour (chance to defeat MR: 16%)
The minotaur resists with almost no effort.
The minotaur throws a javelin of penetration.
The javelin of penetration pierces through you!
* * * LOW HITPOINT WARNING * * *
Aim: a minotaur, wielding the +0 great sword of Starshine {flame, rPois rC+ MR+} and wearing a +0 plate armour The bolt of negative energy hits the minotaur!
The minotaur is drained!
You are feeling hungry.
Aim: a minotaur, wielding the +0 great sword of Starshine {flame, rPois rC+ MR+} and wearing a +0 plate armour (lightly wounded, lightly drained)
The bolt of negative energy hits the minotaur.
The minotaur is drained!
The minotaur hits you with the cursed +0 great sword of Starshine {flame, rPois rC+ MR+}!!
* * * LOW HITPOINT WARNING * * *
The minotaur burns you.
* * * LOW HITPOINT WARNING * * *
The minotaur gores you!
* * * LOW HITPOINT WARNING * * *
You feel much better.
The minotaur hits you with the cursed +0 great sword of Starshine {flame, rPois rC+ MR+}!!
* * * LOW HITPOINT WARNING * * *
The minotaur burns you!
You die...
Kikubaaqudgha rasps: "You have failed me!
Welcome... oblivion!"

###+## ##..⌠.# '⌠...#
...⌠+ ∩.. #.#
#######H#######
#.....@(......#
#.###.###.###.#
...........# #.###.###.###
##.###.###.####
..............#
..............# ##
#......######
#########.©..©.###########


You could see a minotaur.

Vanquished Creatures
  A hydra (Lair:2)
  Harold (D:9)
  A two-headed ogre (D:10)
  2 sixfirhies (Gauntlet)
  A necromancer (Gauntlet)
  An oklob plant (Lair:2)
  A cyclops (D:7)
  7 spiny frogs
  2 komodo dragons
  A hornet (D:10)
  Prince Ribbit (D:7)
  5 hippogriffs
  A wyvern (D:8)
  A wraith (D:10)
  18 yaks
  A hungry ghost (D:10)
  A basilisk (Lair:2)
  A vampire mosquito (D:10)
  An insubstantial wisp (Lair:3)
  An acid dragon (D:10)
  A soldier ant (D:10)
  8 water moccasins
  4 porcupines
  2 ice beasts
  A hornet zombie (D:7)
  A black bear (D:10)
  2 phantoms (D:10)
  2 orc warriors
  5 sky beasts
  15 wolves
  8 ogres
  3 centaurs
  7 crocodiles
  3 big kobolds
  10 bullfrogs
  5 scorpions
  A wyvern skeleton (D:10)
  9 killer bees
  3 howler monkeys
  5 wights
  A centaur zombie (D:5)
  4 crimson imps
  6 hounds
  A bullfrog zombie (D:6)
  3 centaur skeletons
  4 bullfrog skeletons
  7 orc priests
  3 jellies
  7 iguanas
  11 orc wizards
  8 worker ants
  A killer bee zombie (D:9)
  2 hound zombies
  A howler monkey zombie (D:8)
  2 worker ant zombies (D:9)
  A howler monkey skeleton (D:6)
  20 adders
  7 gnolls
  2 shadow imps
  An adder zombie (D:8)
  2 adder skeletons (D:4)
  A worm (D:2)
  A dart slug (D:1)
  4 leopard geckos
  45 orcs
  2 ball pythons (D:3)
  7 bats
  4 giant cockroaches
  7 goblins
  5 hobgoblins
  14 jackals
  14 kobolds
  5 quokkas
  5 frilled lizards
  A giant cockroach zombie (D:5)
  A quokka skeleton (D:8)
  A quokka zombie (D:6)
  5 rats
360 creatures vanquished.

Vanquished Creatures (others)
  A fungus (Lair:3)
  3 plants
4 creatures vanquished.

Grand Total: 364 creatures vanquished

Notes
Turn   | Place    | Note
-------+----------+-------------------------------------------
     0 | D:1      | MalarOregon the Ghoul Necromancer began the quest for the
                  | Orb.
     0 | D:1      | Reached XP level 1. HP: 14/14 MP: 2/2
     2 | D:1      | Learned a level 1 spell: Animate Skeleton
   249 | D:1      | Reached XP level 2. HP: 8/20 MP: 0/4
   892 | D:1      | Reached XP level 3. HP: 16/26 MP: 1/5
  1291 | D:2      | Learned a level 3 spell: Vampiric Draining
  1522 | D:2      | Reached XP level 4. HP: 18/33 MP: 0/7
  2186 | D:3      | Found a bloodstained altar of Trog.
  2241 | D:3      | Reached skill level 5 in Necromancy
  2957 | D:2      | Reached XP level 5. HP: 18/38 MP: 1/8
  3872 | D:3      | Reached XP level 6. HP: 34/45 MP: 6/10
  4399 | D:3      | Reached skill level 6 in Necromancy
  4905 | D:3      | Reached XP level 7. HP: 18/50 MP: 1/12
  5517 | D:4      | Found a burning altar of Makhleb.
  6081 | D:5      | Entered Level 5 of the Dungeon
  6167 | D:5      | Reached skill level 5 in Spellcasting
  6298 | D:5      | Reached skill level 7 in Necromancy
  6385 | D:5      | Found a stormy altar of Qazlal.
  6771 | D:6      | Reached XP level 8. HP: 51/57 MP: 15/15
  6824 | D:6      | Found a staircase to the Ecumenical Temple.
  6854 | Temple   | Entered the Ecumenical Temple
  7062 | Temple   | Became a worshipper of Kikubaaqudgha
  7261 | D:6      | Reached skill level 8 in Necromancy
  8229 | D:5      | Found an opulent altar of Gozag.
  8230 | D:5      | Found a sparkling altar of Nemelex Xobeh.
  8337 | D:7      | Noticed a hippogriff
  8709 | D:7      | Reached XP level 9. HP: 27/57 MP: 14/18
  8737 | D:7      | Reached skill level 9 in Necromancy
  8819 | D:7      | Reached * piety under Kikubaaqudgha
  8819 | D:7      | Identified Kikubaaqudgha's Almanac of Unholy Rites
                  | (Kikubaaqudgha gifted it to you on level 7 of the Dungeon)
  8819 | D:7      | Received a gift from Kikubaaqudgha
  8994 | D:7      | Found Ighime Linn's Gadget Shoppe.
  9336 | D:7      | Noticed Prince Ribbit
  9350 | D:7      | Killed Prince Ribbit
  9600 | D:7      | Reached skill level 10 in Necromancy
  9609 | D:7      | Bought a wand of enslavement (9) for 132 gold pieces
 10233 | D:8      | Noticed a cyclops
 10414 | D:7      | Killed a cyclops
 10623 | D:8      | Reached XP level 10. HP: 33/67 MP: 17/21
 10982 | D:8      | Found a snail-covered altar of Cheibriados.
 11315 | D:8      | Found Ononihom's Distillery.
 11358 | D:7      | Reached skill level 11 in Necromancy
 11942 | D:8      | Reached ** piety under Kikubaaqudgha
 11962 | D:8      | Bought a potion of resistance for 100 gold pieces
 11962 | D:8      | Bought a potion of heal wounds for 50 gold pieces
 11962 | D:8      | Bought a potion of curing for 30 gold pieces
 11962 | D:8      | Bought a potion of curing for 30 gold pieces
 11962 | D:8      | Bought a potion of curing for 30 gold pieces
 11962 | D:8      | Bought 2 potions of curing for 60 gold pieces
 11962 | D:8      | Bought a potion of flight for 30 gold pieces
 12032 | D:8      | Found a staircase to the Lair.
 12296 | D:9      | Found a shimmering altar of Xom.
 12313 | D:9      | Found a deep blue altar of Sif Muna.
 12591 | D:9      | Noticed Harold
 12608 | D:9      | Killed Harold
 12986 | D:9      | Found a sacrificial altar of Ru.
 13368 | D:10     | Entered Level 10 of the Dungeon
 13372 | D:10     | Found Zemif's Assorted Antiques.
 13393 | D:10     | Bought a scroll of teleportation for 81 gold pieces
 13603 | D:10     | Found a runed translucent door.
 13710 | D:10     | Reached skill level 12 in Necromancy
 13770 | D:10     | Reached XP level 11. HP: 65/74 MP: 23/23
 13791 | D:10     | Reached skill level 10 in Spellcasting
 14186 | D:10     | Noticed a two-headed ogre
 14370 | D:10     | Reached *** piety under Kikubaaqudgha
 14370 | D:10     | Identified Kikubaaqudgha's Incunabulum of Evil Rituals
                  | (Kikubaaqudgha gifted it to you on level 10 of the Dungeon)
 14370 | D:10     | Received a gift from Kikubaaqudgha
 14373 | D:10     | Found a staircase to the Orcish Mines.
 14498 | D:10     | Killed a two-headed ogre
 14530 | D:10     | Learned a level 5 spell: Bolt of Draining
 14536 | D:10     | Learned a level 5 spell: Dispel Undead
 14542 | D:10     | Learned a level 5 spell: Agony
 14545 | D:10     | Learned a level 2 spell: Blink
 14551 | D:10     | Learned a level 5 spell: Excruciating Wounds
 14555 | D:10     | Learned a level 3 spell: Mephitic Cloud
 14887 | D:10     | Found a runed translucent door.
 15629 | D:10     | Got a coiled pewter ring
 15631 | D:10     | Identified the ring "Ymmyab" {+Inv rPois rN+ Str+4 Int+3}
                  | (You found it on level 10 of the Dungeon)
 15799 | D:10     | Bought a brass wand for 108 gold pieces
 15799 | D:10     | Bought a viscous pink potion for 24 gold pieces
 15897 | Lair:1   | Entered Level 1 of the Lair of Beasts
 16042 | Lair:1   | Reached skill level 1 in Charms
 16042 | Lair:1   | Reached skill level 1 in Translocations
 16042 | Lair:1   | Reached skill level 1 in Poison Magic
 16113 | Lair:1   | Reached skill level 1 in Fighting
 16117 | Lair:1   | Reached skill level 1 in Conjurations
 16117 | Lair:1   | Reached skill level 1 in Air Magic
 16657 | Lair:1   | Reached skill level 1 in Armour
 17036 | Lair:1   | Reached XP level 12. HP: 72/85 MP: 21/25
 17433 | Lair:2   | Reached skill level 13 in Necromancy
 17440 | Lair:2   | Reached **** piety under Kikubaaqudgha
 17712 | Lair:2   | Noticed an eight-headed hydra
 17717 | Lair:2   | Killed an eight-headed hydra
 19739 | Lair:3   | Found a staircase to the Swamp.
 19968 | Lair:3   | Found a gate leading to a gauntlet.
 19996 | Gauntlet | Entered a Gauntlet
 19996 | Gauntlet | Found a transporter.
 19996 | Gauntlet | Found a runed translucent door.
 19996 | Gauntlet | Found a transporter.
 19996 | Gauntlet | Found a transporter.
 19996 | Gauntlet | Found a runed translucent door.
 19997 | Gauntlet | Found a transporter.
 19998 | Gauntlet | Found a transporter.
 20001 | Gauntlet | Found a transporter.
 20008 | Gauntlet | Found a transporter.
 20009 | Gauntlet | Found a transporter.
 20010 | Gauntlet | Found a transporter.
 20012 | Gauntlet | Found a transporter.
 20014 | Gauntlet | Noticed a thrashing horror
 20020 | Gauntlet | Found a transporter.
 20021 | Gauntlet | Found a transporter.
 20321 | Gauntlet | Paralysed by a chaos spawn for 3 turns
 20875 | Gauntlet | Identified the cursed +0 great sword of Starshine {flame,
                  | rPois rC+ MR+}
 20875 | Gauntlet | Noticed a minotaur
 20886 | Gauntlet | HP: 2/89 [minotaur/the cursed +0 great sword of Starshine
                  | {flame, rPois rC+ MR+} (24)]
 20886 | Gauntlet | Mangled by a minotaur

Skill      XL: |  1  2  3  4  5  6  7  8  9 10 11 12 |
---------------+-------------------------------------+-----
Spellcasting   | 2 3 4 5 6 8 9 10 11 | 11.0
Necromancy     | 5 6 7 8 10 12 13 | 13.0
Charms         | 1 3 |  3.4
Translocations | 1 3 |  3.4
Poison Magic   | 2 3 |  3.9
Fighting       | 1 3 |  3.1
Dodging        | 2 3 |  3.1
Conjurations   | 1 3 |  3.2
Air Magic      | 1 3 |  3.1
Armour         | 1 2 |  2.4
Stealth        | |  2.1

Action                   |  1- 3 |  4- 6 |  7- 9 | 10-12 || total
-------------------------+-------+-------+-------+-------++-------
Melee: Unarmed           |    68 |     8 |       |       ||    76
       Quarterstaff      |       |   182 |   470 |    25 ||   677
       Great sword       |       |       |       |   474 ||   474
       War axe           |       |       |       |    33 ||    33
       Morningstar       |       |       |       |     7 ||     7
       Spear             |       |       |       |    31 ||    31
 Cast: Pain              |    42 |    32 |    40 |     7 ||   121
       Vampiric Draining |     1 |    27 |    71 |   141 ||   240
       Agony             |       |       |       |     6 ||     6
       Excruciating Woun |       |       |       |     3 ||     3
       Dispel Undead     |       |       |       |     2 ||     2
       Bolt of Draining  |       |       |       |    28 ||    28
       Mephitic Cloud    |       |       |       |     9 ||     9
       Blink             |       |       |       |     5 ||     5
Evoke: Wand              |       |       |     7 |     7 ||    14
  Use: Scroll            |       |     7 |     6 |    12 ||    25
       Potion            |       |       |     5 |     5 ||    10
 Stab: Sleeping          |     1 |     1 |     6 |     9 ||    17
       Distracted        |       |       |       |     1 ||     1
       Paralysed         |       |       |       |     4 ||     4
       Confused          |       |       |       |     3 ||     3
  Eat: Chunk             |     4 |    14 |    21 |    56 ||    95
       Ration            |       |       |     1 |     1 ||     2
Armor: Robe              |    16 |    32 |       |       ||    48
       Steam dragon scal |       |    55 |   276 |   435 ||   766
Dodge: Dodged            |    42 |   216 |   454 |   704 ||  1416
       Rpst.: Great sword |       |       |       |   186 ||   186
